← All builds
Air / Cortex / Economy first / OBSERVED BUILD

Standard air

Cortex Air build order · Supreme Isthmus

Economy-first air build: Aircraft Plant then Advanced Metal Extractor and Fusion Reactor, making transports and scouts for allies while transitioning into fighters and occasional bombers over the whole game.

Usually transports first (78%)

#eco #air #team support · 1508 distinct matches · 252 players · 81% of Cortex Air games · team won 46% of 1813 · Recently observed

HOW TO PLAY IT

Key timing: Aircraft Plant by 1:24

  1. Open 3 mex and wind, then drop Aircraft Plant early.
  2. Finish Aircraft Plant and start fighters for scouting and defense.
  3. Eat the Aircraft Plant once production needs outgrow it.
  4. Get Advanced Metal Extractor up to scale eco.
  5. Bring Fusion Reactor online and keep feeding transports, scouts, fighters to allies.

Phase by phase

TYPICAL OF ITS 1508 GAMES
  1. 1
  2. 2
  3. 3
PLAY THE OPENING

Follow the example game's first 6:00 step by step: what to build now, what comes next, and where it goes. At 1× it keeps pace with your own game.

  1. 1

    Up to the Aircraft Plant

    Economy
    • Metal Extractor3Mex
    • Wind Turbine4Wind
    Order
    1. Aircraft PlantAircraft Plant after 3 mex, 4 winddone ~1:26, middle half 1:14–1:35

    Some games also: energy storage (38%)

    By 1:07 in all: 3 mex · 4 wind

    The example game in this phase · 3 steps
    1. Mex ×3
    2. Wind ×6
    3. Aircraft PlantAircraft Plantdone 1:24 · typical 1:26
  2. 2

    Aircraft Plant to 5:00

    Economy
    • Metal Extractor1Mex
    • Wind Turbine9Wind
    • Wind Turbine3Wind
    Builders
    • Construction Turret2 Con turret
    • Construction Aircraft1 Con aircraft
    Army
    • Valiant5 Valiant
    • Hercules2 Light transport for allies
    • Finch2 Finch for allies
    • Finch1 Finch
    • Hephaestus1 Heavy transport for allies

    Some games also: shuriken (49%) · energy storage (45%) · converter (44%) · light transport (40%)

    By 5:00 in all: 3 mex · 1 mex · 13 wind · 3 wind · 1 energy storage · 2 con turret

    The example game in this phase · 34 steps
    1. Wind
    2. HerculesLight transportfor Beach sea
    3. FinchFinchfor Beach sea
    4. ShurikenShurikenfor Beach sea
    5. Wind
    6. ValiantValiant
    7. Wind ×2
    8. ValiantValiant
    9. Wind
    10. ValiantValiant
    11. Wind ×3
    12. Mex
    13. Wind
    14. ValiantValiant
    15. Wind ×2
    16. ValiantValiant ×2
    17. Con turret
    18. Wind
    19. ValiantValiant
    20. Wind
    21. Con turret
    22. Wind ×2
    23. ValiantValiant
    24. Con turret
    25. Wind ×2
    26. HerculesLight transportfor Tech
    27. ValiantValiant
    28. Wind
    29. ValiantValiant ×2
    30. Wind
    31. ValiantValiant ×2
    32. Wind
    33. Converter
    34. ValiantValiant
  3. 3

    5:00 to 10:00

    Economy
    • Wind Turbine21Wind
    • Wind Turbine5Wind
    • Energy Converter6Converter
    Order
    1. Aircraft PlantEat Aircraft Plant
    2. Aircraft PlantAircraft Plant after 19 wind, 18 wind, 7 converterin 58% of games
    Builders
    • Construction Turret3 Con turret
    Army
    • Valiant9 Valiant

    Some games also: shuriken (47%) · fusion (38%) · con aircraft (35%) · light transport (31%)

    By 10:00 in all: 3 mex · 1 mex · 25 wind · 20 wind · 8 converter · 1 energy storage

    The example game in this phase · 126 steps
    1. Converter
    2. ValiantValiant ×2
    3. Converter
    4. Wind
    5. ValiantValiant
    6. Converter
    7. ValiantValiant
    8. Converter
    9. Advanced Metal ExtractorT2 mexdone 6:12 · typical 6:54
    10. Wind
    11. Aircraft PlantEat Aircraft Plantreclaimed for its metal
    12. Wind ×2
    13. Wind
    14. Wind
    15. Wind
    16. Wind ×2
    17. Wind
    18. Wind ×4
    19. Wind ×2
    20. Advanced Metal ExtractorT2 mex
    21. Wind
    22. Wind ×2
    23. Wind ×2
    24. Con turret ×2
    25. Aircraft PlantAircraft Plantdone 7:23
    26. Construction AircraftCon aircraft
    27. Advanced Metal ExtractorT2 mex
    28. Fusion ReactorFusiondone 9:22 · typical 10:52
    29. Advanced Metal ExtractorT2 mex
    30. Aircraft PlantEat Aircraft Plantreclaimed for its metal
    31. Bot LabBot Labdone 9:31
    32. Construction BotCon bot ×7
    33. Converter
    34. Construction BotCon bot ×2
    35. Converter ×2
    36. Construction BotCon bot
    37. Converter ×2
    38. Fusion ReactorFusion
    39. Bot LabEat Bot Labreclaimed for its metal
    40. Converter
    41. Con turret
    42. Converter ×2
    43. Con turret
    44. Converter
    45. Con turret
    46. Converter
    47. Con turret
    48. Converter ×2
    49. Con turret
    50. Converter
    51. Con turret ×2
    52. Converter
    53. Con turret
    54. Converter ×4
    55. Aircraft PlantAircraft Plantdone 11:47
    56. Converter ×12
    57. ShurikenShuriken
    58. Converter
    59. ShurikenShuriken
    60. Converter
    61. ShurikenShuriken ×5
    62. Converter
    63. ShurikenShuriken
    64. Converter
    65. ShurikenShuriken ×3
    66. Converter
    67. ShurikenShuriken
    68. Converter
    69. ShurikenShuriken
    70. Converter
    71. ShurikenShuriken ×7
    72. Converter ×2
    73. ShurikenShuriken ×2
    74. Converter
    75. ShurikenShuriken
    76. Converter
    77. ShurikenShuriken
    78. Converter
    79. ShurikenShuriken ×4
    80. WhirlwindWhirlwind ×2
    81. Converter ×2
    82. WhirlwindWhirlwind ×2
    83. Converter ×3
    84. WhirlwindWhirlwind ×5
    85. Converter ×2
    86. WhirlwindWhirlwind
    87. Converter ×2
    88. WhirlwindWhirlwind
    89. ValiantValiant
    90. Converter
    91. ValiantValiant ×5
    92. Converter
    93. ValiantValiant
    94. Converter
    95. ValiantValiant
    96. Converter
    97. ValiantValiant
    98. Converter
    99. ValiantValiant
    100. Converter
    101. ValiantValiant ×5
    102. Converter
    103. ValiantValiant ×2
    104. Converter
    105. ValiantValiant
    106. Converter ×3
    107. ValiantValiant ×5
    108. Converter
    109. ValiantValiant ×3
    110. Converter
    111. ValiantValiant
    112. Converter ×3
    113. ValiantValiant ×5
    114. Converter
    115. ValiantValiant ×3
    116. BeamerBeamer
    117. ValiantValiant ×5
    118. Con turret ×2
    119. ValiantValiant
    120. Con turret ×2
    121. ValiantValiant
    122. BeamerBeamer
    123. Con turret ×2
    124. ValiantValiant ×7
    125. BeamerBeamer
    126. ValiantValiant ×8

Counts are medians over the build's games: half of them build more, half fewer. The example game is [SMRT]Felnious's (33 OS, 23/09/2026); pick another.

Team trades

IN AT LEAST 30% OF ITS GAMES

You hand over

  • Finch2 Finch to Geo sea or Beach seafirst at 1:50 · in 96% of games
  • Hercules3 Light transport to Tech or Geo sea or Beach seafirst at 2:06 · in 99% of games
  • Hephaestus1 Heavy transport to Beach sea or Pond or Techfirst at 2:23 · in 71% of games

You get

  • Wind Turbine3 Wind from Beach sea or Geo seafirst at 1:37 · in 64% of games
  • Wind Turbine3 Wind from Beach sea or Geo sea or Pondfirst at 1:42 · in 46% of games
  • Construction Bot1 Con bot from Techfirst at 2:22 · in 88% of games
  • Advanced Construction Bot1 T2 con bot from Techfirst at 6:05 · in 96% of games

How it plays out

Typical game of this build, running totals by minute

Metal produced

010k20k30k
0:005:0010:0015:00

metal

Enemy metal destroyed

01k2k
0:005:0010:0015:00

metal

Own metal lost

01k2k3k
0:005:0010:0015:00

metal

1813 games.

Show as table
ByMetal produced: This buildEnemy metal destroyed: This buildOwn metal lost: This build
1:0039200
2:0092300
3:00145600
4:002052051
5:0027635173
6:003711102124
7:005089146167
8:006903190219
9:009285230270
10:0011761292379
11:0014370369533
12:0017069512781
13:00198597811101
14:002270412631689
15:002573618082409
WHAT THE NUMBERS SAY

Standard air play wins less than half its games, with very low combat losses and kills since the role mostly supports rather than fights.

  • + Own metal lost stays very low, only 2701 by 15:00.
  • + Metal production reaches 25740 by 15:00, a strong support economy.
  • − Team wins under half of games (47%).
  • − Enemy metal destroyed stays low at 2097 by 15:00, showing little direct impact.
THE EXAMPLE YOU ARE READING

[SMRT]Felnious

32.6 OS · 23/09/2026

Open source match ↗

2 received units · includes a constructor
118 metal received · 80860 energy received

Allied construction assistance is unknown. Timings are observations, not a promise of solo reproducibility.

Typical milestones

Aircraft Plant1:26Middle 50%: 1:14–1:35 · n=1813
Advanced Metal Extractor6:54Middle 50%: 6:27–7:26 · n=1753
Fusion Reactor10:52Middle 50%: 9:46–12:17 · n=1160

Played most by

TheGeneraI114games of this buildDad_The_Speedrunner72games of this buildHunfore62games of this buildDRM52games of this buildMilkdragon52games of this build
Standard air · Cortex Air build order · BAR Build Atlas